Map: Orbital Shipyard

Players

SnackV - Winner!

  • Race: Zerg Zerg
  • League: Diamond

LilDicky

  • Race: Terran Terran
  • League: Diamond

VOD

http://www.twitch.tv/tumescentpie

Description

Time

  • Played on: Dec. 7, 2015, 10:38 p.m.
  • Length: 17:17
Show
View Real Time Build Order
Export as new Build Order

SnackV Zerg - Winner!

Build Orders: Hatch First, Lurkers 

Get SALT Encoding   

  12  0:00  Drone  
  13  0:09  Drone  
  14  0:18  Overlord  
  14  0:29  Drone, Extractor  
  14  0:30  Drone, Extractor  
  16  0:36  Drone  
  17  0:44  Drone  
  18  0:56  Hatchery  
  17  1:01  Extractor  
  17  1:02  Drone  
  17  1:07  Drone  
  18  1:17  Drone  
  19  1:22  Spawning Pool  
  18  1:28  Drone  
  19  1:37  Drone  
  20  1:48  Overlord  
  20  2:11  Zergling x4  
  20  2:12  Queen x2  
  20  2:13  Metabolic Boost  
  20  2:15  Overlord  
  26  2:19  Drone  
  26  2:22  Drone  
  28  2:32  Drone  
  28  2:33  Drone  
  30  2:42  Drone  
  31  2:44  Drone  
  31  2:49  Queen  
  34  2:54  Drone x2  
  38  3:02  Overlord  
  38  3:03  Drone  
  37  3:05  Extractor  
  37  3:11  Queen  
  37  3:12  Evolution Chamber  
  37  3:21  Drone  
  38  3:28  Drone x2  
  38  3:30  Drone  
  38  3:31  Drone  
  38  3:33  Drone  
  43  3:35  Drone x2  
  43  3:36  Drone  
  43  3:37  Drone  
  47  3:42  Queen  
  49  3:48  Drone  
  50  3:56  Lair  
  50  3:57  Overlord  
  50  4:01  Zergling x4  
  51  4:03  Overlord  
  51  4:04  Overlord  
  51  4:09  Baneling Nest  
  50  4:11  Overlord  
  50  4:18  Overlord  
  50  4:21  Zergling x6  
  53  4:29  Zergling x2  
  53  4:30  Zergling x4  
  56  4:44  Queen  
  57  4:52  Zergling x4  
  59  4:53  Zergling x10  
  64  5:00  Hydralisk Den  
  64  5:03  Overlord  
  64  5:04  Extractor x2  
  61  5:14  Zergling x10  
  61  5:19  Baneling x5  
  49  5:51  Drone  
  49  5:52  Drone x4  
  49  5:54  Zergling x2  
  49  5:55  Zergling x12  
  61  5:57  Hatchery, Zerg Melee Weapons Level 1  
  61  5:59  Pneumatized Carapace  
  61  6:03  Queen  
  62  6:07  Muscular Augments  
  62  6:08  Hydralisk x2  
  66  6:17  Centrifical Hooks  
  66  6:22  Drone x2  
  68  6:28  Drone x3  
  71  6:33  Overlord  
  71  6:34  Hatchery  
  65  6:45  Drone  
  65  6:46  Drone x4  
  63  7:02  Drone x8  
  71  7:20  Overlord  
  71  7:21  Overlord  
  71  7:22  Hydralisk x2  
  71  7:23  Hydralisk x2  
  79  7:36  Lurker Den  
  79  7:37  Evolution Chamber  
  79  7:38  Hydralisk x5  
  79  7:39  Infestation Pit  
  87  7:49  Drone x3  
  87  7:50  Overlord  
  90  7:55  Zerg Melee Weapons Level 2  
  90  7:57  Extractor  
  89  8:02  Extractor  
  88  8:06  Drone x3  
  91  8:20  Hatchery  
  91  8:21  Zerg Ground Armor Level 1  
  90  8:30  Zergling x6  
  90  8:31  Zergling x6  
  90  8:32  Drone x4  
  100  8:51  Drone x2  
  100  8:53  Overlord x3  
  102  9:00  Zergling x2  
  102  9:01  Zergling x28  
  117  9:05  Lurker x6  
  117  9:06  Lurker  
  124  9:13  Drone x5  
  129  9:18  Hive  
  129  9:27  Overlord x2  
  129  9:37  Overseer  
  129  9:44  Overlord x3  
  129  9:48  Overseer  
  129  9:51  Hydralisk x6  
  141  9:58  Drone x3  
  144  10:01  Extractor  
  144  10:02  Extractor  
  144  10:03  Drone x3  
  144  10:04  Drone  
  146  10:15  Hatchery  
  145  10:26  Lurker x6  
  151  10:29  Zerg Ground Armor Level 2, Zerg Melee Weapons Level 3  
  151  10:39  Drone  
  151  10:40  Drone x5  
  157  10:47  Drone x3  
  157  10:48  Drone x3  
  163  11:10  Overseer x2  
  162  11:18  Spine Crawler  
  162  11:19  Spine Crawler  
  162  11:21  Spine Crawler  
  162  11:22  Spine Crawler  
  162  11:23  Spine Crawler x2  
  156  11:31  Ultralisk Cavern  
  155  11:32  Spire  
  155  11:34  Drone x5  
  155  11:35  Drone x2  
  161  11:46  Overlord x2  
  161  11:50  Adrenal Glands  
  161  11:58  Hydralisk x4  
  169  12:02  Viper x3  
  178  12:13  Spine Crawler x2  
  178  12:14  Drone x7, Spine Crawler  
  178  12:15  Drone x2  
  184  12:17  Spine Crawler  
  184  12:18  Extractor x2  
  184  12:20  Extractor  
  180  12:26  Chitinous Plating, Extractor  
  180  12:27  Ultralisk x3  
  180  12:54  Ultralisk x3  
  165  13:03  Ultralisk  
  144  13:05  Zergling x2  
  144  13:06  Zergling x38  
  114  13:35  Ultralisk x2  
  114  13:36  Ultralisk  
  117  13:42  Corruptor x3  
  122  14:09  Hatchery  
  114  14:20  Corruptor x4  
  122  14:37  Zerg Ground Armor Level 3  
  122  14:39  Zerg Flyer Weapons Level 1  
  122  14:40  Corruptor x2  
  122  14:42  Drone  
  123  14:50  Drone x4  
  127  15:00  Hydralisk x3  
  127  15:03  Drone x2  
  131  15:32  Ultralisk x2  
  131  15:38  Ultralisk  
  131  15:39  Zergling x4  
  131  15:40  Zergling x12  
  139  15:47  Drone x4  
  139  15:48  Drone x3  
  146  16:02  Drone x6  
  146  16:03  Drone, Overlord x2  
  153  16:06  Drone x3  
  153  16:08  Drone  
  157  16:28  Ultralisk x2  
  169  16:36  Corruptor x2  
  169  16:37  Corruptor x2  
  177  16:56  Drone x4  
  177  16:59  Spine Crawler  
  177  17:00  Spine Crawler  
  177  17:01  Spine Crawler  
Show
View Real Time Build Order
Export as new Build Order

LilDicky Terran 

Build Orders: 1/1/1, Liberator Opening 

Get SALT Encoding   

  12  0:01  SCV  
  13  0:14  SCV  
  14  0:18  Supply Depot  
  14  0:26  SCV  
  15  0:31  Refinery  
  15  0:40  SCV  
  16  0:45  Barracks  
  16  0:52  SCV  
  17  1:04  SCV  
  17  1:10  Refinery  
  18  1:18  SCV  
  19  1:30  SCV  
  20  1:33  Supply Depot  
  20  1:34  Marine  
  20  1:36  Factory  
  21  1:47  Orbital Command  
  21  1:52  Barracks Reactor  
  21  2:12  SCV  
  22  2:20  Armory  
  22  2:22  Starport  
  22  2:28  Marine x2  
  22  2:29  SCV  
  25  2:36  Supply Depot  
  25  2:38  Factory Tech Lab  
  25  2:46  Marine  
  25  2:47  SCV  
  25  2:48  Marine  
  28  2:54  Supply Depot  
  28  2:59  SCV  
  29  3:14  Thor  
  35  3:22  Medivac  
  35  3:23  SCV  
  38  3:29  Supply Depot  
  38  3:32  Marine  
  38  3:33  Marine  
  40  3:37  SCV, Liberator  
  41  3:50  Marine  
  41  3:51  Marine  
  46  4:11  Supply Depot  
  46  4:13  Marine x2  
  46  4:15  Siege Tank  
  51  4:18  SCV  
  52  4:31  Marine x2  
  54  4:54  Siege Tank, Liberator  
  57  5:10  SCV  
  55  5:30  Siege Tank  
  45  5:53  SCV  
  45  5:54  Command Center  
  46  6:03  Siege Tank  
  49  6:05  SCV, Refinery  
  50  6:11  Command Center  
  50  6:18  SCV  
  51  6:25  Medivac  
  53  6:30  SCV  
  53  6:42  SCV  
  51  6:54  SCV  
  51  6:57  Thor  
  57  7:06  SCV, Refinery  
  58  7:09  Orbital Command  
  58  7:17  Marine  
  58  7:18  Barracks  
  58  7:19  Barracks  
  58  7:21  Liberator  
  59  7:23  SCV  
  59  7:26  Refinery  
  59  7:29  Orbital Command  
  60  7:35  SCV  
  60  7:36  Marine  
  62  7:44  SCV  
  69  7:46  Thor  
  72  7:53  SCV  
  72  7:54  Marine  
  74  7:58  SCV  
  74  7:59  SCV  
  74  8:00  Engineering Bay  
  76  8:05  SCV  
  76  8:07  Liberator  
  76  8:10  SCV  
  76  8:11  SCV  
  79  8:14  Marine  
  79  8:15  Marine  
  79  8:16  Supply Depot  
  79  8:18  SCV  
  82  8:23  SCV x2, Refinery  
  82  8:25  Marine  
  88  8:30  SCV  
  88  8:31  Missile Turret  
  89  8:34  Marine x2  
  89  8:35  SCV  
  89  8:37  SCV  
  93  8:43  Marine  
  93  8:46  Thor  
  100  8:48  SCV  
  100  8:53  Barracks Tech Lab  
  101  9:00  Factory  
  101  9:01  Barracks Reactor  
  101  9:07  SCV, Marine  
  101  9:09  SCV  
  104  9:11  Supply Depot  
  104  9:15  Supply Depot  
  104  9:18  Missile Turret  
  104  9:22  SCV  
  105  9:24  Marine  
  105  9:25  Combat Shields  
  105  9:26  Missile Turret  
  105  9:27  Marine  
  105  9:28  SCV  
  105  9:29  SCV  
  109  9:34  SCV  
  109  9:36  Thor  
  116  9:42  Marine  
  116  9:45  Marine  
  118  9:49  Supply Depot  
  118  9:50  Supply Depot  
  118  9:51  Supply Depot  
  118  9:53  Supply Depot, Liberator  
  118  9:56  Supply Depot  
  118  9:57  Marine  
  121  10:00  Hellion, Marine  
  121  10:01  Hellion  
  121  10:03  Marine  
  121  10:04  Infernal Pre-Igniter  
  128  10:17  Marine  
  128  10:18  Marine  
  130  10:28  Factory  
  130  10:31  Liberator  
  130  10:39  Supply Depot  
  130  10:41  Marine x3  
  133  10:43  Hellion x2  
  133  10:44  Command Center, Thor  
  133  10:45  SCV  
  147  10:57  Terran Vehicle And Ship Armor Level 1  
  147  11:00  Missile Turret  
  146  11:27  Factory Tech Lab  
  146  11:29  Thor, Liberator  
  146  11:30  Hellion, Liberator  
  146  11:31  SCV, Hellion  
  153  11:37  SCV  
  154  11:41  Factory  
  157  11:48  Thor  
  157  11:52  Hellion x2  
  170  11:54  Supply Depot  
  170  12:05  Missile Turret  
  170  12:09  SCV  
  170  12:12  Thor  
  170  12:13  Hellion  
  179  12:16  Hellion  
  181  12:28  Missile Turret  
  180  12:31  Thor  
  180  12:35  Hellion  
  166  12:55  Thor  
  132  13:27  Marine x3  
  132  13:28  Thor  
  132  13:29  Hellion x2  
  133  13:38  Thor  
  127  13:45  Marine x3  
  130  13:48  Barracks  
  130  13:50  Barracks  
  130  13:51  Hellion  
  130  13:52  Barracks  
  130  13:54  Planetary Fortress  
  132  13:56  Missile Turret  
  132  14:03  Marine x2  
  134  14:11  Thor  
  134  14:36  Thor  
  134  14:37  Hellion x2  
  141  14:38  Marine x3  
  141  14:42  Terran Vehicle And Ship Armor Level 2  
  141  14:50  Supply Depot x2, Missile Turret  
  141  14:54  Thor  
  141  14:56  Marine x3  
  141  14:59  Hellion x2  
  154  15:14  Marine  
  126  15:29  Liberator x2  
  76  15:47  Reaper  
  76  15:48  Marine x2  
  75  15:50  Thor x2  
  80  16:06  Marine x2  
  82  16:23  Marine  
  82  16:24  Marine x2  
  85  16:27  SCV  
  86  16:32  Thor  
  86  16:33  Thor  
  98  16:41  Marine  
  98  16:46  Marine x2  
  101  16:59  Marine  
Tags
 
Add a new tag
Caveats
  • Supply blocks, unpowered buildings, or Contaminate may cause inaccurate times.
  • Supply counts are checked every 10 seconds.